 Dungeon Crawl Stone Soup version 0.22-a0-252-gcace5d2d35 (webtiles) character file.

23 RedPan the Sneak (level 2, -1/20 HPs)
             Began as a Vampire Enchanter on Mar 1, 2018.
             Was an Initiate of Kikubaaqudgha.
             Slain by a hobgoblin
             ... wielding a +0 dagger
              (5 damage)
             ... on level 1 of the Dungeon.
             The game lasted 00:02:39 (1940 turns).

RedPan the Sneak (Vampire Enchanter)                Turns: 1940, Time: 00:02:40

Health: -1/20      AC:  3    Str:  7    XL:     2   Next: 75%
Magic:  5/5        EV: 12    Int: 17    God:    Kikubaaqudgha [......]
Gold:   63         SH:  0    Dex: 14    Spells: 4/5 levels left

rFire    . . .     SeeInvis +   a - +1 dagger
rCold    + + .     Gourm    .   (no shield)
rNeg     + + +     Faith    .   b - +0 robe
rPois    ∞         Spirit   .   c - +0 helmet
rElec    .         Reflect  .   (no cloak)
rCorr    .         Harm     .   (no gloves)
MR       .....                  (no boots)
Stlth    +++++.....             (no amulet)
HPRegen  0.00/turn              (no ring)
MPRegen  0.09/turn              (no ring)

@: bloodless, non-regenerating
A: fangs 3, see invisible, unbreathing
a: Renounce Religion


You were on level 1 of the Dungeon.
You worshipped Kikubaaqudgha.
Kikubaaqudgha was noncommittal.
You were bloodless.

You visited 1 branch of the dungeon, and saw 2 of its levels.

You collected 63 gold pieces.

Inventory:

Hand Weapons
 a - a +1 dagger (weapon)
Missiles
 m - 2 needles of confusion
Armour
 b - a +0 robe (worn)
 c - a +0 helmet (worn)
Scrolls
 g - a scroll of remove curse
 l - a scroll of fog
Potions
 d - 5 potions of blood
 e - a potion of lignification {unknown}
 f - a potion of degeneration {unknown}
 h - a potion of mutation {unknown}
 j - a potion of agility {unknown}
 k - 2 potions of curing


   Skills:
 + Level 0.5 Fighting
 + Level 1.8 Short Blades
 - Level 2.1 Dodging
 + Level 5.5 Stealth
 - Level 2.0 Spellcasting
 - Level 4.4 Hexes


You had 4 spell levels left.
You knew the following spells:

 Your Spells              Type           Power        Failure   Level  Hunger
a - Corona                Hex            ###....      3%          1    #......


Dungeon Overview and Level Annotations

Branches:
Dungeon (2/15)

Altars:
Kikubaaqudgha


Innate Abilities, Weirdness & Mutations

You do not heal naturally.
You are immune to poison.
You have razor-sharp teeth.
You have supernaturally acute eyesight. (SInv)
You can survive without breathing.


Message History

You hit the hobgoblin but do no damage.
The hobgoblin is lightly wounded.
The hobgoblin hits you but does no damage.
You hit the hobgoblin.
The hobgoblin is heavily wounded.
An adder comes into view.
The adder hisses angrily.
You hit the hobgoblin.
The hobgoblin is severely wounded.
The hobgoblin misses you.
The adder moves out of view.
A kobold comes into view. It is wielding a whip.
There is a stone staircase leading up here.
The hobgoblin misses you.
You climb upwards.
There is a stone staircase leading down here.
You barely miss the hobgoblin. Your bite misses the hobgoblin.
The hobgoblin is heavily wounded.
The hobgoblin hits you with a dagger.
You die...
Kikubaaqudgha rasps: "You have failed me!
Welcome... oblivion!"

.>##.# #######.## ##.....##
..##.# ##.## ##...## ..##.# #...#
##'## #.##.# ############# #.#
.....######.....<.....#######
######.....................#####
##............#...#............##
......#...#...#...#...#...#......
......#...#...#.@g#...#...#......
..#...#...#...#...#...#...#...#..
..#...#...##.###+###.##...#...#..
..#...#...##'#.....#'##...#...#..
..#...#...##...P.....##...#...#..
§≈#≈≈≈#≈≈≈#.P....P.P.P#≈≈≈#≈≈≈#≈≈
≈≈#≈≈≈#§≈§#.P.P.8.....#≈≈≈#≈≈≈#≈≈
≈§#§§≈#§§≈#...P.......#≈≈≈#≈≈≈#≈≈
≈≈#≈≈≈#§§≈##PP....PP.##≈≈≈#≈≈≈#≈≈


You could see a hobgoblin.

Vanquished Creatures
  A dart slug (D:1)
  A bat zombie (D:2)
  3 hobgoblins (D:1)
  7 bats (D:1)
  2 kobolds (D:1)
  4 rats (D:1)
  4 rat zombies (D:2)
22 creatures vanquished.

Notes
Turn   | Place    | Note
-------+----------+-------------------------------------------
     0 | D:1      | RedPan the Vampire Enchanter began the quest for the Orb.
     0 | D:1      | Reached XP level 1. HP: 13/13 MP: 3/3
   308 | D:1      | Reached skill level 5 in Stealth
   362 | D:1      | Reached XP level 2. HP: 19/19 MP: 5/5
  1859 | D:2      | Found an ancient bone altar of Kikubaaqudgha.
  1867 | D:2      | Became a worshipper of Kikubaaqudgha
  1940 | D:1      | Slain by a hobgoblin

Vault maps used:
D:1:      dpeg_arrival_water_fire, serial_co_window_serial, co_window_cross_1,
          co_window_paths_a, co_window_paths_a, co_window_paths_b,
          co_window_corner_a, co_window_paths_a, co_window_of_opportunity_b,
          co_window_cross_2, co_window_unsneaky_path_e, co_window_paths_c,
          co_window_corner_cb, co_window_broadway_a, grunt_decor_one_mirror
D:2:      lemuel_zombie_altar_kikubaaqudgha, chequers_ecumenical_altar_twisty,
          guppyfry_early_lair_pool

Skill      XL: |  1 |
---------------+----+-----
Stealth        | 5 |  5.5
Fighting       | |  0.5
Short Blades   | |  1.8
Dodging        | |  2.1
Spellcasting   | |  2.0
Hexes          | |  4.4

Action                   || total
-------------------------++-------
Melee: Dagger            ||   115
       Bite              ||     7
  Use: Scroll            ||     7
 Stab: Sleeping          ||     6
Armor: Robe              ||    39
Dodge: Dodged            ||    86

Table legend:
 A = Spawn XP
 B = Non-spawn XP
 C = Spawn XP percentage of total XP
 D = Spawn monster count
 E = Non-spawn monster count
 F = Spawn count percentage of total count
 G = Total turns spent on level
                    A         B        C        D         E        F      G
               +---------+---------+-------+---------+---------+-------+---------
         Total |       0 |      34 |   0.0 |       0 |      22 |   0.0 |  1940
               +---------+---------+-------+---------+---------+-------+---------
           D:1 |       0 |      28 |   0.0 |       0 |      17 |   0.0 |  1426
           D:2 |       0 |       6 |   0.0 |       0 |       5 |   0.0 |   514
               +---------+---------+-------+---------+---------+-------+---------
